 Dungeon Crawl Stone Soup version 0.32-a0-665-g3d30ec2550 (webtiles) character file.

Game seed: 8971330763248568519

30 nuthulu the Trooper (level 3, 0/34 HPs)
             Began as a Minotaur Fighter on Mar 9, 2024.
             Splashed by a jelly's acid (8 damage)
             ... on level 4 of the Dungeon.
             The game lasted 00:01:01 (1234 turns).

nuthulu the Trooper (Minotaur Fighter)              Turns: 1234, Time: 00:01:02

Health: 0/34       AC: -1    Str: 22    XL:     3   Next: 5%
Magic:  2/2        EV:  9    Int:  5    God:
Gold:   44         SH:  4    Dex:  9    Spells: 2/2 levels left

rFire   . . .        a - +0 war axe
rCold   + . .        c - +0 buckler
rNeg    . . .        b - +0 scale mail
rPois   .            (helmet restricted)
rElec   .            (no cloak)
rCorr   .            (no gloves)
SInv    .            (no boots)
Will    .....        (no amulet) Stlth
                     e - ring of protection from cold
HPRegen 0.25/turn    (no ring)
MPRegen 0.08/turn

%: no passive effects
@: corroded
A: horns 2, retaliatory headbutt
a: no special abilities


You were on level 4 of the Dungeon.
You visited 1 branch of the dungeon, and saw 3 of its levels.

You collected 44 gold pieces.

Inventory:

Hand Weapons
 a - a +0 war axe (weapon)
Armour
 b - a +0 scale mail (worn)
 c - a +0 buckler (worn)
Jewellery
 e - a ring of protection from cold (left hand)
Scrolls
 g - a scroll of identify {unknown}
Potions
 d - a potion of might
 f - a potion of lignification {unknown}


   Skills:
 + Level 4.4 Fighting
 + Level 3.5 Axes
 - Level 3.6 Armour
 - Level 3.6 Shields


You had 2 spell levels left.
You didn't know any spells.
Your spell library was empty.

Dungeon Overview and Level Annotations

Branches:
Dungeon (2/15)

Altars:


Innate Abilities, Weirdness & Mutations

You have a pair of horns on your head.
You reflexively headbutt those who attack you in melee.


Message History

The stream of webbing misses you.
You barely miss the ribbon worm.
You headbutt the ribbon worm, but do no damage.
The ribbon worm is severely wounded.
You block the ribbon worm's attack.
You hit the ribbon worm but do no damage.
The ribbon worm is severely wounded.
The ribbon worm bites you but does no damage.
You slash the ribbon worm!
You kill the ribbon worm!
You have reached level 3!
Your experience leads to an increase in your attributes!
Increase (S)trength, (I)ntelligence, or (D)exterity?
You feel stronger. x2
You aren't carrying any scrolls.
You now have 44 gold pieces (gained 15).
A malevolent force fills the Dungeon...
You fall into a shaft and drop 2 floors!
The shaft crumbles and collapses.
Found a scroll labelled KULEICAEHUCWO.
A jelly comes into view.
The jelly quivers.
You see here a scroll labelled KULEICAEHUCWO.
g - a scroll labelled KULEICAEHUCWO You hit the jelly.
Your hands burn!
You headbutt the jelly.
The jelly is moderately wounded.
The jelly hits you. The acid corrodes you!
You are splashed with acid!
You hit the jelly but do no damage. The acid corrodes you!
Your hands burn!
You headbutt the jelly, but do no damage.
The jelly is moderately wounded.
The jelly misses you. The jelly attacks as it pursues you! The jelly hits you.
You are splashed with acid.
You slash the jelly!
Your hands burn!
* * * LOW HITPOINT WARNING * * *
The jelly is severely wounded.
The jelly hits you.
* * * LOW HITPOINT WARNING * * *
You are splashed with acid!
You die...

#....##
###....##
#.......#
#...#...##
..#...###...#
.....##....##
.....#....##
##......###
#.....@..#
##....J..##
#..P.....#
.........###
##.PPP.###
##..#..
....#..
...... .. .


You could see a jelly.

Vanquished Creatures
  An adder (D:2)
  A dart slug (D:1)
  A ribbon worm (D:2)
  A bat (D:1)
  2 endoplasms (D:1)
  A giant cockroach (D:1)
  A goblin (D:1)
  A hobgoblin (D:1)
  4 ball pythons (D:1)
  2 frilled lizards (D:1)
  4 rats
19 creatures vanquished.

Notes
Turn   | Place    | Note
-------+----------+-------------------------------------------
     0 | D:1      | nuthulu the Minotaur Fighter began the quest for the Orb.
     0 | D:1      | Reached XP level 1. HP: 19/19 MP: 0/0
   396 | D:1      | Reached skill level 4 in Fighting
   470 | D:1      | Reached XP level 2. HP: 17/27 MP: 1/1
  1211 | D:2      | Reached XP level 3. HP: 30/34 MP: 2/2
  1215 | D:2      | You fall into a shaft and drop 2 floors!
  1234 | D:4      | Splashed by a jelly's acid

Illustrated notes

Levels and vault maps discovered:
D:1:      psy_arrival_dodecagon, layout_loops_corners,
          chequers_serial_rivers_large_a
D:2:      layout_rooms, kennysheep_generic_room_10
D:4:      layout_cave_pools, okawaru_gym_becter, tso_metal_star,
          mainiacjoe_overflow_brackets, serial_undead, serial_undead_b,
          serial_undead_d, serial_undead_b, serial_undead_f,
          gammafunk_ghost_gnarly_gnolls, hangedman_abyss_or_decor_stabs,
          kennysheep_generic_room_15, uniq_menkaure

Skill      XL: |  1  2 |
---------------+-------+-----
Fighting       | 4 |  4.4
Axes           | 3 |  3.5
Armour         | |  3.6
Shields        | |  3.6

Action                     || total
---------------------------++-------
  Melee: War axe           ||    45
         Headbutt          ||    10
 Armour: Scale mail        ||    36
  Dodge: Dodged            ||    25
  Block: Buckler           ||    12

Table legend: (Time is in decaauts)
 A = Elapsed time spent in this place.
 B = Non-inter-level travel time spent in this place.
 C = Inter-level travel time spent in this place.
 D = Time resting spent in this place.
 E = Time spent auto-exploring this place.
 F = Levels seen in this place.
 G = Mean time per level.
                   A        B        C        D        E       F      G
               +--------+--------+--------+--------+--------+-----+--------+
         Total |   1263 |   1210 |     53 |    287 |    779 |   3 |  421.0 |
       Dungeon |   1263 |   1210 |     53 |    287 |    779 |   3 |  421.0 |
               +--------+--------+--------+--------+--------+-----+--------+

Top non-repeatable levels by time:
     D:1: 1215 daAuts
     D:2: 28 daAuts
     D:4: 19 daAuts
